 Dungeon Sprint DCSS version 0.30-a0-847-g17996783a1 (webtiles) character file.

Game seed: 16447207832861398342

285 dialectric the Protected (level 6, -3/45 HPs)
             Began as a Gargoyle Fighter on Mar 3, 2023.
             Slain by a boulder beetle (7 damage)
             ... in the Dungeon (Sprint II: "The Violet Keep of Menkaure").
             The game lasted 00:00:22 (33 turns).

dialectric the Protected (Gargoyle Fighter)           Turns: 33, Time: 00:00:22

Health: -3/45      AC: 12    Str: 19    XL:     6   Next: 29%
Magic:  6/6        EV: 11    Int:  9    God:
Gold:   0          SH:  0    Dex: 11    Spells: 5/5 levels left

rFire   . . .      SeeInvis .    a - +0 flail
rCold   . . .      Faith    .    (no shield)
rNeg    + . .      Spirit   .    b - +0 scale mail
rPois   ∞          Reflect  .    (no helmet)
rElec   +          Rampage  .    (no cloak)
rCorr   .          NoTele   +    (no gloves)
Will    .....                    (no boots) Stlth
                                 (no amulet)
HPRegen 0.27/turn                (no ring)
MPRegen 0.10/turn                (no ring)

@: mighty, on berserk cooldown, slowed, very slow
A: sickness immunity, AC +4, negative energy resistance 1, electricity
resistance, torment resistance 1, petrification resistance
a: no special abilities


You were in the Dungeon.
You visited 1 branch

Inventory:

Hand Weapons
 a - a +0 flail (weapon)
Armour
 b - a +0 scale mail (worn)
 c - a +0 buckler
Scrolls
 j - a scroll of blinking
Potions
 e - a potion of curing
 g - a potion of haste
 h - 2 potions of magic


   Skills:
 + Level 8.4 Fighting
 + Level 4.5 Maces & Flails
 + Level 8.5 Armour
 * Level 5.2 Dodging
 - Level 3.2 Shields


You had 5 spell levels left.
You didn't know any spells.
Your spell library was empty.

Dungeon Overview and Level Annotations

Branches:
Dungeon (1/1)

Altars:


Innate Abilities, Weirdness & Mutations

You are immune to sickness and miasma.
Your stone body is resilient. (AC +4)
You are immune to poison.
You resist negative energy. (rN+)
You are resistant to electric shocks. (rElec)
You are resistant to unholy torment.
You are immune to petrification.


Message History

You feel a strong urge to attack something. 2 boulder beetles come into view.
You are no longer berserk.
You are exhausted.
You feel yourself slow down.
The boulder beetle leaps!
Found 243 gold pieces.
You hit the boulder beetle but do no damage.
The boulder beetle leaps!
The boulder beetle closely misses you.
Unknown command.
You hit the boulder beetle but do no damage.
The boulder beetle leaps!
The boulder beetle bites you but does no damage.
There is an open door here.
The boulder beetle closely misses you.
You feel very mighty all of a sudden.
The boulder beetle bites you but does no damage.
You feel much better.
The boulder beetle leaps! x2
The boulder beetle bites you.
There is an open door here.
The boulder beetle curls into a ball and begins rolling!
You completely miss the boulder beetle.
The boulder beetle hits you but does no damage.
The boulder beetle stops rolling and uncurls.
The boulder beetle bites you!
You hit the boulder beetle but do no damage.
The boulder beetle bites you! The boulder beetle bites you.
You hit the boulder beetle.
The boulder beetle is lightly wounded.
The boulder beetle bites you!
* * * LOW HITPOINT WARNING * * *
The boulder beetle leaps!
The boulder beetle bites you but does no damage.
You hit the boulder beetle but do no damage.
The boulder beetle is lightly wounded.
The boulder beetle barely misses you.
You hit the boulder beetle but do no damage.
The boulder beetle is lightly wounded.
The boulder beetle bites you but does no damage.
The boulder beetle bites you!
You die...

## ##
##$ .##
#.. ..#
# #B#.#
#. #B#
#.##@##
#†.<.+
#.##.##
#. #+#
#


You could see 2 boulder beetles.

Vanquished Creatures
  2 wyverns (D)
2 creatures vanquished.

Vanquished Creatures (others)
  A water moccasin (D)
1 creature vanquished.

Grand Total: 3 creatures vanquished

Notes
Turn   | Place    | Note
-------+----------+-------------------------------------------
     0 | D        | dialectric the Gargoyle Fighter began the quest for the
                  | Orb.
     0 | D        | Reached XP level 1. HP: 14/14 MP: 1/1
     8 | D        | Noticed a wyvern
     8 | D        | Noticed a wyvern
    11 | D        | Killed a wyvern
    12 | D        | Reached XP level 2. HP: 23/23 MP: 2/2
    12 | D        | Reached XP level 3. HP: 28/28 MP: 3/3
    12 | D        | Reached XP level 4. HP: 32/32 MP: 4/4
    12 | D        | Reached XP level 5. HP: 37/37 MP: 5/5
    18 | D        | Killed a wyvern
    18 | D        | Killed a water moccasin
    19 | D        | Reached skill level 5 in Dodging
    19 | D        | Reached XP level 6. HP: 26/45 MP: 6/6
    20 | D        | Noticed a boulder beetle
    20 | D        | Noticed a boulder beetle
    33 | D        | Slain by a boulder beetle

Illustrated notes

Levels and vault maps discovered:
D:        the_violet_keep_of_menkaure [sprint2_stairs_cluster_1,
          sprint2_shoproom, sprint2_temple, sprint2_basic_supplies,
          sprint2_obstacle_6, sprint2_obstacle_3, sprint2_obstacle_7,
          sprint2_obstacle_2, sprint2_obstacle_4, sprint2_timed_cluster_1,
          sprint2_smallroom_cluster_1, sprint2_smallroom_final_cluster_1,
          sprint2_transparent_cluster_1, sprint2_second_timed_cluster_1,
          sprint2_sniper_area_1, sprint2_heavy_combat_area_1,
          sprint2_mutation_trap_area_1, sprint2_forest_area_1,
          sprint2_light_combat_area_1, sprint2_behind_water_1,
          sprint2_near_end_vault_1]

Skill      XL: |  1  2  3  4  5 |
---------------+----------------+-----
Fighting       | 6 8 |  8.4
Maces & Flails | 3 4 |  4.5
Armour         | 6 8 |  8.5
Dodging        | 3 5 |  5.2
Shields        | |  3.2

Action                     |  1- 3 |  4- 6 || total
---------------------------+-------+-------++-------
  Melee: Flail             |     2 |    14 ||    16
    Use: Potion            |     1 |     2 ||     3
 Armour: Scale mail        |     1 |     7 ||     8
  Dodge: Dodged            |     1 |     6 ||     7

Table legend: (Time is in decaauts)
 A = Elapsed time spent in this place.
 B = Non-inter-level travel time spent in this place.
 C = Inter-level travel time spent in this place.
 D = Time resting spent in this place.
 E = Time spent auto-exploring this place.
 F = Levels seen in this place.
 G = Mean time per level.
                   A        B        C        D        E       F      G
               +--------+--------+--------+--------+--------+-----+--------+
         Total |     38 |     38 |      0 |      0 |      0 |   1 |   38.0 |
       Dungeon |     38 |     38 |      0 |      0 |      0 |   1 |   38.0 |
               +--------+--------+--------+--------+--------+-----+--------+

Top non-repeatable levels by time:
       D: 38 daAuts
